 Dungeon Crawl Stone Soup version 0.30.0-5-g1a98f26d00 (webtiles) character file.

Game seed: 7006105143838636523

6140 Leibowitz the Severer (level 10, -5/90 HPs)
             Began as a Minotaur Fighter on May 9, 2023.
             Was a High Priest of Okawaru.
             Slain by an ogre
             ... wielding a +0 giant spiked club
              (30 damage)
             ... on level 2 of the Orcish Mines.
             The game lasted 00:22:13 (7509 turns).

Leibowitz the Severer (Minotaur Fighter)            Turns: 7509, Time: 00:22:13

Health: -5/90      AC: 17    Str: 29    XL:     10   Next: 59%
Magic:  9/9        EV: 10    Int:  4    God:    Okawaru [*****.]
Gold:   731        SH:  5    Dex:  9    Spells: 9/9 levels left

rFire   + . .        a - +0 war axe
rCold   . . .        c - +0 buckler
rNeg    . . .        q - +2 chain mail {rF+}
rPois   .            (helmet restricted)
rElec   .            n - +1 cloak
rCorr   .            i - +0 pair of gloves
SInv    .            (no boots)
Will    .....        (no amulet) Stlth
                     (no ring)
HPRegen 0.35/turn    (no ring)
MPRegen 0.11/turn

%: no passive effects
@: no status effects
A: horns 2, retaliatory headbutt, strong 1
a: Renounce Religion, Heroism, Finesse, Duel


You were on level 2 of the Orcish Mines.
You worshipped Okawaru.
Okawaru was extremely pleased with you.
You visited 3 branches of the dungeon, and saw 12 of its levels.
You also visited: Sewer.

You collected 881 gold pieces.
You spent 150 gold pieces at shops.

Inventory:

Hand Weapons
 a - a +0 war axe (weapon)
 x - a +2 morningstar of draining
Armour
 c - a +0 buckler (worn)
 i - a +0 pair of gloves (worn)
 n - a +1 cloak (worn)
 q - a +2 chain mail of fire resistance (worn)
 A - a +0 plate armour of positive energy
Jewellery
 o - the ring "Ophoq" {rF+ rC- MP+9 EV+5 Int+4}
   (You found it on level 4 of the Dungeon)

   [ring of evasion]

   EV:        It affects your evasion (+5).
   Int:       It affects your intelligence (+4).
   rF:        It protects you from fire.
   rC:        It makes you vulnerable to cold.
   MP:        It affects your magic capacity (+9).
Wands
 j - a wand of polymorph (6)
 l - a wand of paralysis (3)
 m - a wand of iceblast (6)
 w - a wand of flame (26)
Scrolls
 e - 5 scrolls of identify
 g - 2 scrolls of magic mapping
 k - a scroll of immolation {unknown}
 r - a scroll of brand weapon
 s - 3 scrolls of teleportation
 t - a scroll of poison {unknown}
 u - a scroll of blinking
 y - a scroll of fear {unknown}
Potions
 b - 2 potions of lignification
 d - a potion of might
 f - 2 potions of curing
 h - 3 potions of flight
 p - 2 potions of cancellation
 v - a potion of heal wounds
 z - a potion of brilliance


   Skills:
 * Level 8.8 Fighting
 * Level 16.1 Axes
 * Level 9.0 Armour
 * Level 5.6 Dodging
 * Level 7.3 Shields
 + Level 0.2 Evocations


You had 9 spell levels left.
You didn't know any spells.
Your spell library contained the following spells:

 Spells                   Type           Power      Damage    Failure   Level
 Sandblast                Erth           0%         2d4       93%         1
 Passwall                 Tmut/Erth      0%         N/A       98%         2
 Portal Projectile        Hex/Tloc       0%         N/A       100%        3
 Stone Arrow              Conj/Erth      0%         3d7       100%        3
 Leda's Liquefaction      Hex/Erth       0%         N/A       100%        4
 Alistair's Intoxication  Tmut/Pois      0%         N/A       100%        5
 Borgnjor's Vile Clutch   Necr/Erth      0%         N/A       100%        5
 Eringya's Noxious Bog    Tmut/Pois      0%         N/A       100%        6
 Call Canine Familiar     Summ           Unusable   N/A       N/A         3

Dungeon Overview and Level Annotations

Branches:
Dungeon (9/15)             Temple (1/1) D:5            Lair (0/5) D:8
    Orc (1/2) D:9           Sewer (visited)

Altars:
Ashenzari
Cheibriados
Dithmenos
Elyvilon
Fedhas
Gozag
Hepliaklqana
Kikubaaqudgha
Makhleb
Nemelex Xobeh
Okawaru
Qazlal
Ru
Sif Muna
Trog
Uskayaw
Vehumet
Wu Jian
Xom
Yredelemnul
Zin
The Shining One

Shops:
D:5 ?   D:7 *

Annotations:
D:4 1 transporter, Silenceoftheyaks's ghost, amateur DsFE
D:7 1 runed translucent door, Sensen's ghost, novice DsMo


Innate Abilities, Weirdness & Mutations

You have a pair of horns on your head.
You reflexively headbutt those who attack you in melee.
Your muscles are strong. (Str +4, Int/Dex -1)


Message History

You slash the warg! Your headbutt misses the warg.
The warg is heavily wounded.
You hit the warg.
You hit the orc priest but do no damage.
The warg closely misses you. The warg bites you!
You barely miss the orc priest. You hit the warg but do no damage.
You hit the warg.
An orc comes into view. It is wielding a +0 dagger.
The orc priest completely misses you. You furiously retaliate!
You headbutt the orc priest! The warg misses you. You furiously retaliate!
You headbutt the warg. The warg bites you but does no damage.
The orc shouts!
You slash the orc priest!
You kill the orc priest!
Okawaru accepts your kill.
You hit the warg. x2
You hear a shout! x2; You hear a howl!
A warg comes into view.
The warg misses you.
An orc wizard comes into view. It is wielding a +0 dagger.
The warg barely misses you.
The orc wizard shouts!
The warg howls!
You slash the warg!
You kill the warg!
Okawaru accepts your kill.
You slash the ogre! You barely miss the warg.
You hear a shout!
The warg bites you!
The ogre hits you with a +0 giant spiked club!
* * * LOW HITPOINT WARNING * * *
You hear a shout!
You hit the warg.
The warg is heavily wounded.
You hit the ogre. The warg misses you.
You slash the warg!
You kill the warg!
Okawaru accepts your kill.
You slash the ogre!
The ogre hits you with a +0 giant spiked club!!
You die...

...............
...............
........o......
.....$.h...o...
.......oo......
...............
......)†.......
.......@.......
......).O......
.......))......
...............
...............
...............
...............
...............
...............


You could see a warg, an orc warrior, an ogre, an orc priest, an orc wizard and
an orc.

Vanquished Creatures
  A two-headed ogre (D:6)
  Maggie (D:7)
  Prince Ribbit (D:6)
  A wyvern (D:8)
  3 steam dragons
  7 wargs
  An acid dragon (D:8)
  5 water moccasins
  Duvessa (D:6)
  A sky beast (D:7)
  2 orc warriors (Orc:1)
  A black bear (D:7)
  4 ogres
  A centaur (D:5)
  A kobold brigand (D:7)
  Blork the orc (D:6)
  2 bullfrogs
  3 scorpions
  4 wights (D:7)
  Dowan (D:6)
  16 killer bees (D:8)
  3 hounds
  2 jellies
  A gnoll bouda (D:7)
  6 orc priests
  Crazy Yiuf (D:2)
  A sleepcap (D:6)
  Jessica (D:2)
  An iguana (D:6)
  5 orc wizards
  8 gnolls
  14 adders
  A shadow imp (D:8)
  A white imp (D:8)
  2 worms (D:4)
  2 dart slugs
  19 orcs
  11 endoplasms
  25 giant cockroaches
  8 goblins
  6 hobgoblins
  6 jackals
  11 quokkas
  11 ball pythons
  3 bats
  11 frilled lizards
  12 kobolds
  4 rats
234 creatures vanquished.

Notes
Turn   | Place    | Note
-------+----------+-------------------------------------------
     0 | D:1      | Leibowitz the Minotaur Fighter began the quest for the Orb.
     0 | D:1      | Reached XP level 1. HP: 19/19 MP: 0/0
   247 | D:1      | Reached XP level 2. HP: 27/27 MP: 1/1
   547 | D:1      | Reached XP level 3. HP: 33/33 MP: 2/2
   861 | D:2      | Reached skill level 3 in Axes
   886 | D:2      | Noticed Jessica
   891 | D:2      | Killed Jessica
   892 | D:2      | Reached skill level 1 in Dodging
  1001 | D:2      | Reached XP level 4. HP: 27/40 MP: 3/3
  1170 | D:2      | Reached skill level 4 in Axes
  1487 | D:2      | Found a runed translucent door.
  1488 | D:2      | Noticed Crazy Yiuf
  1495 | D:2      | Killed Crazy Yiuf
  1496 | D:2      | Reached XP level 5. HP: 4/46 MP: 4/4
  1633 | D:2      | Gained mutation: Your muscles are strong. (Str +4, Int/Dex
                  | -1) [potion of mutation]
  1633 | D:2      | Gained mutation: You are dopey. (Int -2) [potion of
                  | mutation]
  1633 | D:2      | Lost mutation: You are dopey. (Int -2) [potion of mutation]
  1772 | D:3      | Identified the +0 robe of the Planets {rC++ Str-3}
  1858 | D:3      | Found an opulent altar of Gozag.
  1865 | D:3      | You fall into a shaft and drop 1 floor!
  1935 | D:4      | Identified the ring "Ophoq" {rF+ rC- MP+9 EV+5 Int+4}
  2131 | D:3      | Reached skill level 5 in Axes
  2251 | D:3      | Identified a scroll of acquirement
  2251 | D:3      | Acquired a manual of Axes
  2942 | D:4      | Reached XP level 6. HP: 51/53 MP: 5/5
  3108 | D:4      | Noticed Silenceoftheyaks's ghost (amateur DsFE)
  3109 | D:4      | Found a transporter.
  3110 | D:4      | Identified the +6 dire flail of Faevorio {heavy, rN+ Int+4}
  3401 | D:5      | Entered Level 5 of the Dungeon
  3401 | D:5      | Found a staircase to the Ecumenical Temple.
  3415 | Temple   | Entered the Ecumenical Temple
  3638 | Temple   | Became a worshipper of Warmaster Okawaru
  3652 | D:5      | Reached skill level 6 in Axes
  3652 | D:5      | Reached skill level 5 in Armour
  3654 | D:5      | Reached skill level 5 in Fighting
  3654 | D:5      | Reached skill level 7 in Axes
  3665 | D:5      | Reached XP level 7. HP: 57/61 MP: 6/6
  3707 | D:5      | Identified the staff of conjuration "Cusacwao" {*Slow rElec
                  | rC++ SInv}
  3755 | D:5      | Reached skill level 8 in Axes
  3920 | D:5      | Reached * piety under Okawaru
  3931 | D:5      | Reached skill level 9 in Axes
  3931 | D:5      | Reached skill level 5 in Shields
  3984 | D:5      | Found Xahonefu's Magic Scroll Boutique.
  3987 | D:5      | Bought a scroll of brand weapon for 114 gold pieces
  3987 | D:5      | Bought a scroll of teleportation for 36 gold pieces
  4257 | D:6      | Noticed Duvessa
  4258 | D:6      | Noticed Dowan
  4266 | D:6      | Killed Duvessa
  4278 | D:6      | Killed Dowan
  4279 | D:6      | Reached XP level 8. HP: 45/70 MP: 7/7
  4297 | D:6      | Noticed a two-headed ogre
  4298 | D:6      | Noticed Prince Ribbit
  4299 | D:6      | Reached skill level 10 in Axes
  4305 | D:6      | Killed a two-headed ogre
  4305 | D:6      | Reached ** piety under Okawaru
  4306 | D:6      | Reached skill level 11 in Axes
  4307 | D:6      | Killed Prince Ribbit
  4308 | D:6      | Reached skill level 12 in Axes
  4441 | D:6      | Noticed Blork the orc
  4451 | D:6      | Killed Blork the orc
  4452 | D:6      | Reached XP level 9. HP: 72/78 MP: 8/8
  4481 | D:6      | Found a glowing drain.
  4500 | Sewer    | Entered a sewer
  4554 | Sewer    | Reached skill level 13 in Axes
  4856 | D:6      | Found a burning altar of Makhleb.
  4863 | D:6      | Found a broken altar of Ashenzari.
  4863 | D:6      | Found a glowing golden altar of the Shining One.
  4863 | D:6      | Found a glowing silver altar of Zin.
  4868 | D:6      | Found a basalt altar of Yredelemnul.
  5250 | D:7      | Noticed Maggie
  5265 | D:7      | Killed Maggie
  5265 | D:7      | Reached *** piety under Okawaru
  5266 | D:7      | Reached skill level 14 in Axes
  5382 | D:7      | Found a runed translucent door.
  5387 | D:7      | Noticed Sensen's ghost (novice DsMo)
  5466 | D:7      | Found Qumm's Assorted Antiques.
  5914 | D:7      | Reached skill level 15 in Axes
  6273 | D:8      | Reached **** piety under Okawaru
  6298 | D:8      | Reached skill level 5 in Dodging
  6298 | D:8      | Reached XP level 10. HP: 16/88 MP: 9/9
  7076 | D:8      | Found a staircase to the Lair.
  7271 | D:9      | Found a staircase to the Orcish Mines.
  7298 | Orc:1    | Entered Level 1 of the Orcish Mines
  7354 | Orc:1    | Reached ***** piety under Okawaru
  7355 | Orc:1    | Reached skill level 16 in Axes
  7476 | Orc:1    | You fall into a shaft and drop 1 floor!
  7476 | Orc:2    | Entered Level 2 of the Orcish Mines
  7509 | Orc:2    | Slain by an ogre

Illustrated notes

Levels and vault maps discovered:
D:1:      dpeg_chamrin_arrival_tetris, layout_basic, chequers_jeans,
          hangedman_decor_growths, minmay_gold_behind_fungi
D:2:      layout_loops_ring, uniq_crazy_yiuf_cottage, uniq_jessica
D:3:      minmay_roachtagon, layout_basic, lemuel_crystal_altar
D:4:      layout_basic, gammafunk_ghost_smash
D:5:      layout_basic, minmay_temple_entry_slanted, serial_shops,
          nicolae_shop_rolled_up
D:6:      layout_rooms, minitemple, cheibrodos_sewer_entry_drain,
          reono_crystal_passage, uniq_prince_ribbit1, uniq_duvessa,
          uniq_blork_the_orc
D:7:      kennysheep_steamy, layout_loops_ring, serial_shops, shop_statue,
          ebering_ghost_reflecting_pool, uniq_maggie
D:8:      wander_river, layout_cave_pools, lair_entry_dummy
D:9:      layout_basic, minmay_orc_entry_guard_dogs, serial_shops,
          nicolae_shop_behind_doors, nrook_mini_backslash
Temple:   nicolae_temple_x_marks_the_god
Orc:1:    layout_caves
Orc:2:    kennysheep_orc_mage_school, layout_diamond_mine, serial_shops,
          nicolae_shop_rolled_up, uniq_saint_roka

Skill      XL: |  1  2  3  4  5  6  7  8  9 10 |
---------------+-------------------------------+-----
Armour         | 4 5 6 7 9 |  9.0
Axes           | 3 4 5 7 9 12 15 16 | 16.1
Fighting       | 4 5 6 7 8 |  8.8
Dodging        | 1 2 3 5 |  5.6
Shields        | 4 5 6 7 |  7.3
Evocations     | |  0.2

Action                     |  1- 3 |  4- 6 |  7- 9 | 10-12 || total
---------------------------+-------+-------+-------+-------++-------
  Melee: War axe           |    58 |   115 |   281 |   110 ||   564
         Headbutt          |     8 |    16 |    48 |    21 ||    93
         Unarmed           |     1 |       |       |       ||     1
  Evoke: Wand              |       |       |     7 |       ||     7
    Use: Scroll            |       |     8 |     1 |       ||     9
         Potion            |       |     7 |     3 |       ||    10
 Armour: Scale mail        |    29 |    33 |       |       ||    62
         Chain mail        |       |    38 |   149 |    39 ||   226
  Dodge: Dodged            |    27 |    63 |   118 |    44 ||   252
  Block: Buckler           |    14 |    30 |    50 |    16 ||   110
